 Dungeon Crawl Stone Soup version 0.29-a0-359-g541a27f54d (webtiles) character file.

Game seed: 2948065467397273525

2238 avis the Martial Artist (level 9, -1/63 HPs)
             Began as an Octopode Transmuter on Apr 27, 2022.
             Was an Initiate of Gozag.
             Succumbed to a water moccasin's poison
             ... on level 7 of the Dungeon on Apr 28, 2022.
             The game lasted 00:53:08 (8117 turns).

avis the Martial Artist (Octopode Transmuter)       Turns: 8117, Time: 00:53:09

Health: -1/63      AC:  2    Str: 13    XL:     9   Next: 36%
Magic:  11/13      EV: 20    Int: 15    God:    Gozag
Gold:   206        SH:  0    Dex: 18    Spells: 4/14 levels left

rFire   . . .      SeeInvis .     - Unarmed
rCold   . . .      Faith    .   (shield currently unavailable)
rNeg    . . .      Spirit   .   (helmet currently unavailable)
rPois   x          Reflect  .   (no amulet)
rElec   .          Harm     .   r - +4 ring of slaying
rCorr   .          Rampage  .   (no ring)
Will    .....                   (no ring)
Stlth   +++.......              (no ring)
HPRegen 0.20/turn               (no ring)
MPRegen 0.13/turn               (no ring)
                                (no ring)
                                (no ring)

@: lethally poisoned (-1 -> -64), spider-form (expiring), gold aura
A: venomous fangs, almost no armour, (amphibious), 8 rings, tiny, (camouflage
1), (gelatinous body 1), (nimble swimmer 1), (tentacles)
a: End Transformation, Renounce Religion, Potion Petition, Call Merchant, Bribe
Branch


You were on level 7 of the Dungeon.
You worshipped Gozag.
Gozag was aware of your devotion.
You were a venomous arachnid creature.
You visited 2 branches of the dungeon, and saw 8 of its levels.
You also visited: Sewer.

You collected 579 gold pieces.
You spent 330 gold pieces at shops.
You paid 43 gold pieces to Gozag.

Inventory:

Hand Weapons
 b - a +0 hunting sling
Missiles
 i - 11 poisoned darts (quivered)
 j - 2 datura-tipped darts
 A - 2 boomerangs
 F - 5 javelins
Magical Staves
 w - a staff of cold
Jewellery
 c - a ring of fire
 r - a +4 ring of slaying (left front leg)
Wands
 x - a wand of flame (7)
 B - a wand of iceblast (2)
Scrolls
 f - a scroll of magic mapping {unknown}
 g - 2 scrolls of amnesia {unknown}
 h - 2 scrolls of immolation {unknown}
 k - a scroll of torment {unknown}
 l - a scroll of vulnerability {unknown}
 n - a scroll of acquirement {unknown}
 o - 5 scrolls of fear
 p - a scroll of enchant weapon {unknown}
 u - a scroll of noise {unknown}
 v - a scroll of holy word {unknown}
 K - a scroll of blinking {unknown}
 L - a scroll of teleportation {unknown}
 P - 3 scrolls of silence
Potions
 a - a potion of berserk rage
 s - 2 potions of flight
 C - a potion of haste
 E - 2 potions of lignification
 H - a potion of ambrosia
 I - a potion of heal wounds


   Skills:
 * Level 6.8 Fighting
 - Level 3.0 Dodging
 - Level 4.0 Stealth
 - Level 8.0 Unarmed Combat
 - Level 3.0 Spellcasting
 - Level 3.0 Transmutations
 - Level 4.0 Ice Magic
 - Level 2.0 Poison Magic


You had 4 spell levels left.
You knew the following spells:

 Your Spells              Type           Power      Damage    Failure   Level
a - Beastly Appendage     Tmut           22%        N/A       17%         1
c - Passwall              Tmut/Erth      5%         N/A       34%         2
p - Spider Form           Tmut/Pois      9%         N/A       43%         3
q - Ice Form              Ice/Tmut       12%        N/A       65%         4

Your spell library contained the following spells:

 Spells                   Type           Power      Damage    Failure   Level
 Wereblood                Tmut           11%        N/A       22%         2
 Ensorcelled Hibernation  Hex/Ice        16%        N/A       30%         2
 Apportation              Tloc           4%         N/A       41%         1
 Poisonous Vapours        Pois/Air       10%        N/A       41%         2
 Corpse Rot               Necr/Air       4%         N/A       52%         2
 Confusing Touch          Hex            2%         N/A       73%         3
 Dazzling Flash           Conj/Hex       4%         N/A       73%         3
 Swiftness                Air            2%         N/A       73%         3
 Fulminant Prism          Conj/Hex       1%         3d6       97%         4
 Iskenderun's Mystic Bla  Conj/Tloc      2%         2d3       97%         4
 Alistair's Intoxication  Tmut/Pois      6%         N/A       97%         5
 Freezing Cloud           Conj/Ice/Air   3%         6-21      99%         5
 Yara's Violent Unravell  Hex/Tmut       3%         3d4       99%         5
 Lee's Rapid Deconstruct  Erth           1%         3d5*      100%        5
 Simulacrum               Ice/Necr       4%         N/A       100%        6
 Starburst                Conj/Fire      1%         6d3       100%        6
 Enfeeble                 Hex            1%         N/A       100%        7
 Polar Vortex             Ice            7%         N/A       100%        9


Dungeon Overview and Level Annotations

Branches:
Dungeon (7/15)             Temple (1/1) D:4           Sewer (visited)

Altars:
Ashenzari
Cheibriados
Dithmenos
Elyvilon
Fedhas
Gozag
Hepliaklqana
Kikubaaqudgha
Makhleb
Nemelex Xobeh
Okawaru
Qazlal
Ru
Sif Muna
Trog
Uskayaw
Vehumet
Wu Jian
Xom
Yredelemnul
Zin
The Shining One


Innate Abilities, Weirdness & Mutations

You are a venomous arachnid creature.
You have poisonous fangs.
You are tiny and dextrous.
Your spellcasting is less reliable in this form.
Your armour is entirely melded.
You are incapable of wielding weapons or throwing items.
You cannot wear most types of armour.
((You are amphibious.))
You can wear up to eight rings at the same time.
((Your skin changes colour to match your surroundings (Stealth+).))
((Your rubbery body absorbs attacks. (AC +1, EV +1)))
((You are camouflaged when in or above water. (Stealth+)))
((You have tentacles for arms and can constrict up to eight enemies at once.))


Message History

You closely miss the water moccasin.
The water moccasin is moderately wounded.
You feel very sick. The water moccasin misses you.
You bite the water moccasin!
The water moccasin looks as sick as possible!
The water moccasin is severely wounded.
You feel very sick. The water moccasin bites you. The bullfrog hits you.
You hit the bullfrog.
The bullfrog is poisoned.
The bullfrog is lightly wounded.
You feel very sick. The water moccasin bites you!
You are lethally poisoned!
The water moccasin poisons you! The bullfrog completely misses you.
You hit the bullfrog.
The bullfrog is heavily wounded.
* * * LOW HITPOINT WARNING * * *
You feel extremely sick.
The water moccasin completely misses you.
The bullfrog misses you. The water moccasin misses you.
The bullfrog closely misses you.
You bite the bullfrog!
You kill the bullfrog!
* * * LOW HITPOINT WARNING * * *
You feel extremely sick. The water moccasin bites you.
* * * LOW HITPOINT WARNING * * *
Unknown command.
You feel much better.
* * * LOW HITPOINT WARNING * * *
You feel extremely sick. The water moccasin bites you!
* * * LOW HITPOINT WARNING * * *
You are more poisoned.
The water moccasin poisons you!
You bite the water moccasin!
You kill the water moccasin!
You die...
Your body crumbles into a pile of gold.

#............
#............
#...........#
####...........#
#..........?..
#...........
##.......$$#
.........s.#
#.........#
#.....<...#
#.........#
...........#
##.....$.....
.............#
#...........?..
#.##########.#.


There were no monsters in sight!

Vanquished Creatures
  Eustachio (D:5)
  4 water moccasins
  Duvessa (D:7)
  An orc warrior (D:7)
  2 ogres
  2 black bears
  A phantom (D:4)
  2 bullfrogs (D:7)
  4 scorpions
  4 wights (D:6)
  Dowan (D:7)
  2 hounds
  2 orc priests (D:5)
  2 jellies
  Crazy Yiuf (D:6)
  3 iguanas
  2 orc wizards
  5 adders
  3 gnolls
  A river rat (D:4)
  2 ufetubi
  3 worms
  2 dart slugs (D:1)
  17 orcs
  6 ball pythons
  8 endoplasms
  2 giant cockroaches
  6 goblins
  3 hobgoblins
  4 kobolds
  9 quokkas
  16 bats
  A frilled lizard (D:1)
  11 rats
  A bush (D:6)
135 creatures vanquished.

Vanquished Creatures (others)
  2 orcs (D:5)
2 creatures vanquished.

Grand Total: 137 creatures vanquished

Notes
Turn   | Place    | Note
-------+----------+-------------------------------------------
     0 | D:1      | avis the Octopode Transmuter began the quest for the Orb.
     0 | D:1      | Reached XP level 1. HP: 13/13 MP: 3/3
    44 | D:1      | Reached skill level 1 in Stealth
   150 | D:1      | Reached XP level 2. HP: 17/18 MP: 5/5
   580 | D:1      | Reached XP level 3. HP: 20/24 MP: 4/6
  1104 | D:1      | Learned a level 3 spell: Spider Form
  1105 | D:2      | Found a faded altar of an unknown god.
  1939 | D:2      | Reached XP level 4. HP: 30/30 MP: 7/7
  2199 | D:3      | Reached skill level 1 in Poison Magic
  2901 | D:4      | Noticed a phantom
  2952 | D:3      | Reached XP level 5. HP: 22/37 MP: 5/8
  3081 | D:4      | Killed a phantom
  3230 | D:4      | Found a glowing drain.
  3234 | Sewer    | Entered a sewer
  3427 | Sewer    | Reached skill level 4 in Unarmed Combat
  3429 | Sewer    | Noticed a water moccasin
  3442 | Sewer    | Killed a water moccasin
  3443 | Sewer    | Reached XP level 6. HP: 43/44 MP: 6/9
  3496 | Sewer    | Learned a level 4 spell: Ice Form
  3733 | D:4      | Found a staircase to the Ecumenical Temple.
  3742 | Temple   | Entered the Ecumenical Temple
  4086 | Temple   | Became a worshipper of Gozag Ym Sagoz the Greedy
  4124 | D:4      | Noticed a black bear
  4142 | D:4      | Killed a black bear
  4143 | D:4      | Reached skill level 5 in Fighting
  4148 | D:4      | Reached XP level 7. HP: 28/50 MP: 7/10
  4418 | D:4      | Reached skill level 5 in Unarmed Combat
  4812 | D:5      | Entered Level 5 of the Dungeon
  4853 | D:5      | Found a sparkling altar of Nemelex Xobeh.
  5208 | D:4      | Reached skill level 1 in Ice Magic
  5208 | D:4      | Reached XP level 8. HP: 18/57 MP: 7/12
  6249 | D:6      | Noticed Eustachio
  6249 | D:6      | Found Taemaax's Distillery.
  6255 | D:6      | Reached skill level 6 in Unarmed Combat
  6500 | D:5      | Killed Eustachio
  6517 | D:6      | Bought a potion of degeneration for 11 gold pieces
  6517 | D:6      | Bought a potion of ambrosia for 88 gold pieces
  6517 | D:6      | Bought a potion of heal wounds for 55 gold pieces
  6517 | D:6      | Bought a potion of heal wounds for 55 gold pieces
  6517 | D:6      | Bought a potion of mutation for 88 gold pieces
  6517 | D:6      | Bought a potion of flight for 33 gold pieces
  6646 | D:6      | Reached skill level 7 in Unarmed Combat
  7218 | D:6      | Reached XP level 9. HP: 48/62 MP: 10/13
  7410 | D:6      | Found a runed translucent door.
  7412 | D:6      | Noticed Crazy Yiuf
  7422 | D:6      | Killed Crazy Yiuf
  7724 | Temple   | Learned a level 2 spell: Passwall
  7822 | D:7      | Reached skill level 8 in Unarmed Combat
  7938 | D:7      | Noticed Duvessa
  7938 | D:7      | Noticed Dowan
  7953 | D:7      | Killed Duvessa
  8026 | D:7      | Killed Dowan
  8115 | D:7      | HP: 2/63 [water moccasin (5)]
  8117 | D:7      | Succumbed to a water moccasin's poison

Illustrated notes

Levels and vault maps discovered:
D:1:      elethiomel_arrival_maze, layout_basic, minmay_heptomino_h4
D:2:      layout_basic, chequers_ecumenical_altar_simple_redux
D:3:      layout_rooms
D:4:      layout_loops_ring, temple_doors_e, gup_sewer_entry_spiral
D:5:      layout_cave_pools, nemelex_diamond_rough_becter
D:6:      layout_basic, serial_shops, shop, roderic_serpentine_path,
          uniq_crazy_yiuf_cottage, uniq_eustachio
D:7:      layout_basic, serial_shops, shop, uniq_duvessa, uniq_prince_ribbit1
Temple:   mainiacjoe_temple_circle_huts

Skill      XL: |  1  2  3  4  5  6  7  8  9 |
---------------+----------------------------+-----
Stealth        | 2 3 4 |  4.0
Fighting       | 2 3 4 5 6 |  6.8
Poison Magic   | 1 2 |  2.0
Unarmed Combat | 4 5 7 8 |  8.0
Transmutations | 3 |  3.0
Spellcasting   | 3 |  3.0
Ice Magic      | 1 4 |  4.0
Dodging        | 3 |  3.0

Action                   |  1- 3 |  4- 6 |  7- 9 || total
-------------------------+-------+-------+-------++-------
Melee: Unarmed           |    50 |    64 |   158 ||   272
       Constrict         |    16 |    10 |     1 ||    27
       Kick              |     7 |     6 |    16 ||    29
       Tentacles         |     9 |     5 |     7 ||    21
       Punch             |     1 |       |     5 ||     6
 Fire: Hunting sling     |    30 |    51 |    25 ||   106
Throw: Dart              |     9 |     5 |     2 ||    16
 Cast: Beastly Appendage |    17 |    15 |     6 ||    38
       Spider Form       |       |     7 |    37 ||    44
 Abil: End Transformatio |       |     1 |     1 ||     2
  Use: Potion            |       |     4 |     2 ||     6
       Scroll            |       |       |     5 ||     5
 Stab: Sleeping          |     8 |     5 |     6 ||    19
       Distracted        |       |       |     2 ||     2
Armor: Skin              |     7 |     6 |     3 ||    16
Dodge: Dodged            |    29 |    55 |   100 ||   184

Table legend: (Time is in decaauts)
 A = Elapsed time spent in this place.
 B = Non-inter-level travel time spent in this place.
 C = Inter-level travel time spent in this place.
 D = Time resting spent in this place.
 E = Time spent auto-exploring this place.
 F = Levels seen in this place.
 G = Mean time per level.
                   A        B        C        D        E       F      G
               +--------+--------+--------+--------+--------+-----+--------+
         Total |   8139 |   7309 |    830 |   2273 |   3023 |   9 |  904.3 |
       Dungeon |   7403 |   6625 |    778 |   2023 |   2740 |   7 | 1057.6 |
        Temple |    389 |    337 |     52 |      0 |    283 |   1 |  389.0 |
         Sewer |    346 |    346 |      0 |    250 |      0 |   1 |  346.0 |
               +--------+--------+--------+--------+--------+-----+--------+

Top non-repeatable levels by time:
     D:4: 1690 daAuts
     D:6: 1397 daAuts
     D:2: 1150 daAuts
     D:1: 1100 daAuts
     D:5: 1090 daAuts
     D:3: 842 daAuts
  Temple: 389 daAuts
   Sewer: 346 daAuts
     D:7: 131 daAuts
